 Dungeon Crawl Stone Soup version 0.21.1-1-g345015f (webtiles) character file.

384 letownia2 the Spear-Bearer (level 6, -5/44 HPs)
             Began as a Merfolk Skald on Mar 12, 2018.
             Slain by a killer bee (7 damage)
             ... on level 4 of the Dungeon.
             The game lasted 00:09:18 (1427 turns).

letownia2 the Spear-Bearer (Merfolk Skald)          Turns: 1427, Time: 00:09:18

Health: -5/44      AC:  5    Str: 16    XL:     6   Next: 77%
Magic:  2/9        EV: 12    Int: 21    God:
Gold:   74         SH:  0    Dex: 13    Spells: 1/9 levels left

rFire    + . .     SeeInvis .   a - +0 spear
rCold    + + .     Gourm    .   (no shield)
rNeg     . . .     Faith    .   b - +0 leather armour
rPois    +         Spirit   .   k - +0 helmet
rElec    +         Reflect  .   (no cloak)
rCorr    +         Harm     .   (no gloves)
MR       .....                  l - +0 pair of boots
Stlth    +.........             (no amulet)
HPRegen  0.14/turn              e - +6 ring of intelligence
MPRegen  0.11/turn              q - ring of protection from cold

@: mighty, lethally poisoned (-5 -> -6), resistant, singing (expiring), hasted,
very quick
A: change form in water, swift swim, stealthy swim
a: no special abilities


You were on level 4 of the Dungeon.
You were hungry.

You visited 1 branch of the dungeon, and saw 5 of its levels.
You also visited: Sewer.

You collected 74 gold pieces.

Inventory:

Hand Weapons
 a - a +0 spear (weapon)
 s - a +0 blowgun
 t - a +0 blowgun
Missiles
 f - 26 sling bullets
 g - 7 tomahawks (quivered)
 u - 11 poisoned needles
Armour
 b - a +0 leather armour (worn)
 k - a +0 helmet (worn)
 l - a +0 pair of boots (worn)
Jewellery
 e - a +6 ring of intelligence (left hand)
 q - a ring of protection from cold (right hand)
Scrolls
 i - 2 scrolls of teleportation {unknown}
 p - 2 scrolls of identify {unknown}
 x - a scroll of remove curse {unknown}
 y - a scroll of fog {unknown}
Potions
 h - a potion of ambrosia {unknown}
 j - a potion of resistance
 m - a potion of degeneration {unknown}
 n - 9 potions of heal wounds
 o - 2 potions of haste
 r - a potion of curing {unknown}
 v - 2 potions of might
 w - a potion of agility {unknown}
 z - 2 potions of flight {unknown}
Books
 c - a book of Battle

   Spells                             Type                      Level
   a - Infusion                       Charms                       1
   b - Shroud of Golubria             Charms/Translocation         2
   c - Song of Slaying                Charms                       2
   d - Spectral Weapon                Hexes/Charms                 3
   e - Regeneration                   Charms/Necromancy            3
Comestibles
 d - 3 rations


   Skills:
 - Level 2.1 Fighting
 + Level 8.3 Polearms
 - Level 0.6 Armour
 - Level 2.6 Dodging
 - Level 2.0 Spellcasting
 - Level 1.0 Hexes
 - Level 4.8 Charms
 - Level 1.1 Translocations


You had one spell level left.
You knew the following spells:

 Your Spells              Type           Power        Failure   Level  Hunger
a - Infusion              Chrm           ###.         2%          1    #......
l - Song of Slaying       Chrm           ###.....     3%          2    ##.....
t - Shroud of Golubria    Chrm/Tloc      ##........   9%          2    ##.....
x - Spectral Weapon       Hex/Chrm       ##......     16%         3    ###....


Dungeon Overview and Level Annotations

Branches:
Dungeon (5/15)
 Temple: D:4-7

Altars:
Fedhas


Message History

Aim: a killer bee (heavily wounded)
You miss the killer bee.
The killer bee is heavily wounded.
Your spectral weapon barely misses the killer bee.
The killer bee stings you.
* * * LOW HITPOINT WARNING * * *
The killer bee stings you but does no damage.
Unknown command.
Unknown command.
Unknown command.
Attack whom?
Press: ? - help, Dir - move target cursor, f/p - killer bee
Aim: a killer bee (heavily wounded)
You miss the killer bee.
The killer bee is heavily wounded.
Your spectral weapon barely misses the killer bee.
The killer bee stings you.
* * * LOW HITPOINT WARNING * * *
The killer bee stings you!
You die...

###### ##...÷## ##.'##+.# #.
##.[#≈≈#..## # '##
#######..##≈≈##..# yo y.
#.)yy@#..#≈≈≈≈#..# #'#.#
#.###y...#≈≈≈≈#..# ... #.#
#(#..##≈≈##..#
.#####.#####.###o##..#≈≈#...#
o.......oo.o....>##.##''##..#
######.####........#≈≈.≈#..#
#..#######.##.######..#
##.........##...[.....#
#..#####..##.######..#


You could see 3 killer bees, an orc and a friendly spectral spear.

Vanquished Creatures
  2 big kobolds (Sewer)
  3 killer bees (D:4)
  An adder (D:2)
  A river rat (D:4)
  3 oozes
  A worm (D:2)
  A dart slug (D:1)
  A leopard gecko (D:4)
  6 orcs (D:4)
  9 bats
  4 giant cockroaches
  6 goblins
  4 hobgoblins
  21 kobolds
  5 ball pythons
  3 frilled lizards
  10 rats
81 creatures vanquished.

Vanquished Creatures (others)
  2 spectral weapons (D:4)
2 creatures vanquished.

Grand Total: 83 creatures vanquished

Notes
Turn   | Place    | Note
-------+----------+-------------------------------------------
     0 | D:1      | letownia2 the Merfolk Skald began the quest for the Orb.
     0 | D:1      | Reached XP level 1. HP: 16/16 MP: 3/3
    83 | D:2      | Reached skill level 4 in Polearms
    83 | D:2      | Reached XP level 2. HP: 16/22 MP: 0/5
   146 | D:2      | Learned a level 2 spell: Shroud of Golubria
   234 | D:1      | Reached XP level 3. HP: 18/27 MP: 2/6
   344 | D:2      | Found a blossoming altar of Fedhas.
   428 | D:2      | Reached skill level 5 in Polearms
   496 | D:2      | Noticed an ogre
   524 | D:1      | Reached skill level 1 in Translocations
   628 | D:2      | Learned a level 3 spell: Spectral Weapon
   655 | D:2      | Reached XP level 4. HP: 33/33 MP: 3/7
   993 | D:4      | Found a glowing drain.
  1012 | Sewer    | Entered a sewer
  1043 | Sewer    | Reached skill level 1 in Hexes
  1236 | Sewer    | Noticed a big kobold
  1257 | Sewer    | Killed a big kobold
  1257 | Sewer    | Reached XP level 5. HP: 29/38 MP: 4/8
  1300 | Sewer    | Noticed a big kobold
  1319 | Sewer    | Killed a big kobold
  1319 | Sewer    | Reached skill level 6 in Polearms
  1319 | Sewer    | Reached XP level 6. HP: 41/44 MP: 4/9
  1356 | D:5      | Entered Level 5 of the Dungeon
  1386 | D:4      | Learned a level 2 spell: Song of Slaying
  1389 | D:4      | Reached skill level 7 in Polearms
  1422 | D:4      | Reached skill level 8 in Polearms
  1427 | D:4      | HP: 2/44 [killer bee (6)]
  1427 | D:4      | Slain by a killer bee

Skill      XL: |  1  2  3  4  5  6 |
---------------+-------------------+-----
Polearms       | 4 5 6 8 |  8.3
Translocations | 1 |  1.1
Hexes          | 1 |  1.0
Charms         | 4 |  4.8
Fighting       | |  2.1
Armour         | |  0.6
Dodging        | |  2.6
Spellcasting   | |  2.0

Action                   |  1- 3 |  4- 6 || total
-------------------------+-------+-------++-------
Melee: Spear             |   125 |   172 ||   297
       Tailslap          |     1 |     7 ||     8
Throw: Tomahawk          |     6 |       ||     6
 Cast: Infusion          |     2 |       ||     2
       Shroud of Golubri |    11 |    15 ||    26
       Spectral Weapon   |     1 |     5 ||     6
       Song of Slaying   |       |     1 ||     1
  Use: Potion            |       |     4 ||     4
 Stab: Sleeping          |     3 |       ||     3
  Eat: Chunk             |       |     4 ||     4
Armor: Leather armour    |    29 |    35 ||    64
Dodge: Dodged            |    62 |    68 ||   130
